 Dungeon Sprint DCSS version 0.17-a0-1632-g0af21bd (webtiles) character file.

396 Kidiri the Protected (level 6, -3/37 HPs)
             Began as a Gargoyle Fighter on Aug 3, 2015.
             Was an Initiate of Okawaru.
             Slain by a four-headed hydra (4 damage)
             ... in the Dungeon (Sprint IX: "|||||||||||||||||||||||||||||").
             The game lasted 00:03:08 (379 turns).

Kidiri the Protected (Gargoyle Fighter)              Turns: 379, Time: 00:03:08

Health: -3/37      AC: 22    Str: 22    XL:     6   Next: 82%
Magic:  8/8        EV: 13    Int:  8    God:    Okawaru [......]
Gold:   0          SH: 12    Dex:  9    Spells: 0 memorised, 5 levels left

rFire  . . .     SeeInvis .     p - +2 morningstar (protect)
rCold  . . .     Clarity  .     s - +1 scale mail
rNeg   + . .     SustAt   .     c - +0 shield
rPois  ∞         Gourm    .     (no helmet)
rElec  +         Spirit   .     r - +0 cloak
rCorr  .         Warding  .     (no gloves)
rMut   .         NoTele   +     q - +0 pair of boots
MR     .....                    (no amulet)
Stlth  ..........               b - +2 ring of evasion
                                a - +2 ring of evasion

@: hasted, very quick, not resistant to hostile enchantments, extremely
unstealthy
A: negative energy resistance 1, electricity resistance, unbreathing,
petrification resistance, rot immunity, AC +4
a: Renounce Religion


You were in the Dungeon.
You worshipped Okawaru.
Okawaru was noncommittal.
You were not hungry.

You visited 1 branch

Inventory:

Hand weapons
 p - a +2 morningstar of protection (weapon)
Armour
 c - a +0 shield (worn)
 q - a +0 pair of boots (worn)
 r - a +0 cloak (worn)
 s - a +1 scale mail (worn)
Jewellery
 a - a +2 ring of evasion (left hand)
 b - a +2 ring of evasion (right hand)
Magical devices
 o - a wand of fire (7)
Scrolls
 k - 2 scrolls of blinking
 m - 2 scrolls of remove curse
 n - 2 scrolls of amnesia
Potions
 d - a potion of might
 f - a potion of invisibility
 i - 4 potions of magic
 j - 4 potions of curing
Comestibles
 e - a bread ration
 l - 4 chunks of flesh


   Skills:
 - Level 3.2 Fighting
 + Level 6.4 Maces & Flails
 * Level 10.2 Armour
 * Level 10.1 Shields
 + Level 2.8 Invocations


You had 5 spell levels left.
You didn't know any spells.

Dungeon Overview and Level Annotations

Branches:
Dungeon (1/1)

Altars:
Cheibriados
Dithmenos
Elyvilon
Fedhas
Gozag
Kikubaaqudgha
Makhleb
Nemelex Xobeh
Okawaru
Qazlal
Ru
Sif Muna
Trog
Vehumet
Xom
Yredelemnul
Zin
The Shining One
Beogh
Jiyva
Lugonu


Innate Abilities, Weirdness & Mutations

You are resistant to torment.
Your stone body is resilient (AC +4).
You are immune to poison.
You resist negative energy.
You are resistant to electric shocks.
You can survive without breathing.
You are immune to petrification.
You are immune to rotting.


Message History

The four-headed hydra bites you but does no damage.
You hit the four-headed hydra.
The four-headed hydra is heavily wounded.
You block the four-headed hydra's attack.
The four-headed hydra bites you.
The four-headed hydra barely misses you.
The four-headed hydra bites you but does no damage.
You sock the four-headed hydra!
The four-headed hydra is severely wounded.
The four-headed hydra misses you. The four-headed hydra bites you.
* * * LOW HITPOINT WARNING * * *
The four-headed hydra closely misses you. x2
You are too injured to fight recklessly!
You are too injured to fight recklessly!
Drink which item? (? for menu, Esc to quit)
You feel yourself speed up. The four-headed hydra bites you!
* * * LOW HITPOINT WARNING * * *
You block the four-headed hydra's attack.
The four-headed hydra bites you.
You die...

▓.▓
▓.▓
▓a▓
▓Z▓
▓.▓
▓o▓
▓Q▓
▓D▓
▓@▓
▓)▓
▓[▓
▓(▓
▓)▓
▓.▓
▓.▓
▓[▓
▓.▓


You could see a four-headed hydra, a tengu warrior, a worker ant, an orc and a
bat zombie.

Vanquished Creatures
  An orc warrior (D)
  A sky beast (D)
  A centaur (D)
  A gnoll sergeant (D)
  An orc wizard (D)
  A worker ant (D)
  An adder (D)
  An adder zombie (D)
  A worm (D)
  An orc (D)
  A goblin (D)
  3 bats (D)
  A giant cockroach zombie (D)
  A kobold (D)
16 creatures vanquished.

Notes
Turn   | Place    | Note
--------------------------------------------------------------
     0 | D        | Kidiri the Gargoyle Fighter began the quest for the Orb.
     0 | D        | Reached XP level 1. HP: 14/14 MP: 1/1
    12 | D        | Reached skill level 4 in Armour
    33 | D        | Noticed a sky beast
    33 | D        | Noticed an orc wizard
    33 | D        | Noticed a worker ant
    44 | D        | Killed a worker ant
    44 | D        | Reached skill level 5 in Armour
    44 | D        | Reached skill level 5 in Shields
    44 | D        | Reached XP level 2. HP: 19/19 MP: 2/2
    63 | D        | Reached XP level 3. HP: 19/23 MP: 3/3
    71 | D        | Killed a sky beast
    71 | D        | Reached skill level 7 in Armour
    71 | D        | Reached XP level 4. HP: 18/28 MP: 4/4
    76 | D        | HP: 1/28 [orc wizard/magic dart (12)]
    79 | D        | Killed an orc wizard
    79 | D        | Reached XP level 5. HP: 24/32 MP: 5/5
    97 | D        | Found a glowing silver altar of Zin.
    97 | D        | Found a glowing golden altar of the Shining One.
    97 | D        | Found an ancient bone altar of Kikubaaqudgha.
    97 | D        | Found a basalt altar of Yredelemnul.
    97 | D        | Found a shimmering altar of Xom.
    97 | D        | Found a radiant altar of Vehumet.
    98 | D        | Found an iron altar of Okawaru.
    99 | D        | Found a burning altar of Makhleb.
   100 | D        | Found a deep blue altar of Sif Muna.
   101 | D        | Found a bloodstained altar of Trog.
   102 | D        | Found a sparkling altar of Nemelex Xobeh.
   103 | D        | Found a white marble altar of Elyvilon.
   104 | D        | Found a roughly hewn altar of Beogh.
   105 | D        | Found a viscous altar of Jiyva.
   106 | D        | Became a worshipper of Warmaster Okawaru
   107 | D        | Found a corrupted altar of Lugonu.
   108 | D        | Found a blossoming altar of Fedhas.
   109 | D        | Found a snail-covered altar of Cheibriados.
   110 | D        | Found a shadowy altar of Dithmenos.
   111 | D        | Found a stormy altar of Qazlal.
   112 | D        | Found an opulent altar of Gozag.
   113 | D        | Found a sacrificial altar of Ru.
   164 | D        | Noticed a centaur
   164 | D        | Noticed a gnoll sergeant
   164 | D        | Noticed an orc warrior
   185 | D        | Killed an orc warrior
   185 | D        | Reached skill level 5 in Maces & Flails
   185 | D        | Reached skill level 9 in Armour
   185 | D        | Reached XP level 6. HP: 21/37 MP: 6/6
   201 | D        | Killed a gnoll sergeant
   201 | D        | Reached skill level 1 in Invocations
   206 | D        | Killed a centaur
   206 | D        | Reached skill level 10 in Armour
   206 | D        | Reached skill level 10 in Shields
   362 | D        | Noticed a tengu warrior
   362 | D        | Noticed a worker ant
   362 | D        | Noticed a four-headed hydra
   379 | D        | HP: 1/37 [four-headed hydra (8)]
   379 | D        | Slain by a four-headed hydra

Vault maps used:
D:        linesprint

Action                   |  1- 3 |  4- 6 || total
-------------------------+-------+-------++-------
Melee: Flail             |    39 |     4 ||    43
       Morningstar       |       |    61 ||    61
  Use: Potion            |     2 |     4 ||     6
       Scroll            |       |     1 ||     1
